 Dungeon Crawl Stone Soup version 0.29-a0-275-g389c0b56f3 (webtiles) character file.

Game seed: 8609836377036187381

946 croobank the Sneak (level 8, -9/46 HPs)
             Began as an Octopode Fire Elementalist on Mar 9, 2022.
             Mangled by an ice beast (10 damage)
             ... on level 5 of the Dungeon.
             The game lasted 00:14:30 (5365 turns).

croobank the Sneak (Octopode Fire Elementalist)     Turns: 5365, Time: 00:14:30

Health: -9/46      AC:  1    Str:  7    XL:     8   Next: 13%
Magic:  0/14       EV: 14    Int: 20    God:
Gold:   377        SH:  0    Dex: 12    Spells: 3/15 levels left

rFire   + . .      SeeInvis .   h - +1 whip (distort)
rCold   . . .      Faith    .   (no shield)
rNeg    . . .      Spirit   .   (helmet restricted)
rPois   .          Reflect  .   (no amulet)
rElec   .          Harm     .   b - ring of protection from fire
rCorr   .          Rampage  .   l - ring of flight
Will    .....                   (no ring)
Stlth   ++++......              (no ring)
HPRegen 0.15/turn               (no ring)
MPRegen 0.14/turn               (no ring)
                                (no ring)
                                (no ring)

@: flying
A: almost no armour, amphibious, 8 rings, camouflage 1, gelatinous body 1,
(nimble swimmer 1), tentacles
a: no special abilities


You were on level 5 of the Dungeon.
You visited 1 branch of the dungeon, and saw 5 of its levels.

You collected 377 gold pieces.

Inventory:

Hand Weapons
 c - a +0 spear
 h - a +1 whip of distortion (weapon)
 m - a +0 war axe
 t - a +0 shortbow
Missiles
 f - 211 stones
 r - 3 boomerangs
 v - a throwing net
Armour
 q - a +0 kite shield
Jewellery
 b - a ring of protection from fire (left tentacle)
 l - a ring of flight (right tentacle)
Wands
 d - a wand of iceblast (8)
 k - a wand of digging (7)
Scrolls
 o - a scroll of torment {unknown}
 p - a scroll of fear {unknown}
Potions
 a - a potion of magic
 e - a potion of lignification {unknown}
 g - 2 potions of brilliance {unknown}
 i - 3 potions of mutation
 j - a potion of ambrosia {unknown}
 n - 3 potions of curing
 s - a potion of attraction {unknown}
 u - a potion of cancellation {unknown}
 w - a potion of heal wounds {unknown}


   Skills:
 + Level 4.3 Dodging
 + Level 6.3 Stealth
 + Level 4.1 Spellcasting
 + Level 4.0 Conjurations
 + Level 4.9 Fire Magic
 + Level 1.4 Poison Magic


You had 3 spell levels left.
You knew the following spells:

 Your Spells              Type           Power      Damage    Failure   Level
a - Foxfire               Conj/Fire      88%        2x1d8     1%          1
b - Scorch                Fire           46%        2d7       2%          2
c - Flame Wave            Conj/Fire      22%        2d7       21%         4
d - Ensorcelled Hibernat  Hex/Ice        8%         N/A       19%         2
e - Mephitic Cloud        Conj/Pois/Air  11%        N/A       19%         3

Your spell library contained the following spells:

 Spells                   Type           Power      Damage    Failure   Level
 Conjure Flame            Conj/Fire      22%        6-21      6%          3
 Inner Flame              Hex/Fire       14%        N/A       14%         3
 Ignite Poison            Fire/Tmut/Pois 12%        N/A       16%         3
 Dazzling Flash           Conj/Hex       24%        N/A       17%         3
 Passwall                 Tmut/Erth      3%         N/A       19%         2
 Swiftness                Air            4%         N/A       36%         3
 Freezing Cloud           Conj/Ice/Air   4%         6-21      90%         5
 Alistair's Intoxication  Tmut/Pois      4%         N/A       95%         5
 Agony                    Necr           4%         N/A       98%         5
 Borgnjor's Vile Clutch   Necr/Erth      2%         N/A       98%         5
 Silence                  Hex/Air        2%         N/A       98%         5
 Eringya's Noxious Bog    Tmut/Pois      3%         N/A       100%        6


Dungeon Overview and Level Annotations

Branches:
Dungeon (5/15)
 Temple: D:4-7

Altars:
Gozag


Innate Abilities, Weirdness & Mutations

You cannot wear most types of armour.
You are amphibious.
You can wear up to eight rings at the same time.
Your skin changes colour to match your surroundings (Stealth+).
Your rubbery body absorbs attacks. (AC +1, EV +1)
((You are camouflaged when in or above water. (Stealth+)))
You have tentacles for arms and can constrict up to eight enemies at once.


Message History

Casting: Scorch (safe; 2% risk of failure)
Confirm with . or Enter, or press ? or * to list all spells.
Flames lash the ice beast.
The ice beast melts!
The ice beast is lightly wounded.
The ice beast's fire resistance burns away.
Casting: Scorch (safe; 2% risk of failure)
Confirm with . or Enter, or press ? or * to list all spells.
Flames lash the ice beast.
The ice beast melts!
The ice beast is severely wounded.
Casting: Scorch (safe; 2% risk of failure)
Confirm with . or Enter, or press ? or * to list all spells.
Flames lash the ice beast.
The ice beast is severely wounded.
The ice beast hits you. The ice beast freezes you!
Casting: Scorch (safe; 2% risk of failure)
Confirm with . or Enter, or press ? or * to list all spells.
You don't have enough magic to cast this spell.
Casting: Scorch (safe; 2% risk of failure)
Confirm with . or Enter, or press ? or * to list all spells.
You don't have enough magic to cast this spell.
The ice beast attacks as you move away! The ice beast hits you.
The ice beast freezes you. The ice beast attacks as you move away!
The ice beast hits you. The ice beast freezes you!
Casting: Scorch (safe; 2% risk of failure)
Confirm with . or Enter, or press ? or * to list all spells.
You conjure some foxfire!
The ice beast hits you.
* * * LOW HITPOINT WARNING * * *
The ice beast freezes you!
* * * LOW HITPOINT WARNING * * *
You closely miss the ice beast.
The ice beast is severely wounded.
The foxfire hits the ice beast.
The ice beast is severely wounded.
The foxfire hits the ice beast but does no damage.
The ice beast is severely wounded.
The ice beast hits you.
* * * LOW HITPOINT WARNING * * *
The ice beast freezes you!
You die...

....................###..
...........<........#.###.
....#.................#..
....##...................
... #....>......##.......
.. .............##.......
...#......$.###.......
.###..........#.......
#§@Y.............#.
#§#............#.#.
#.#.....$...####...
#........?..# #.#.
#.>.........# #.##
.............#
............###
#..#.###.#... #


You could see an ice beast (combustible).

Vanquished Creatures
  2 ice beasts (D:4)
  A black bear (D:4)
  A centaur (D:5)
  A phantom (D:5)
  A necrophage (D:5)
  2 jellies
  4 iguanas
  An orc wizard (D:3)
  9 gnolls
  8 adders
  An ufetubus (D:5)
  2 dart slugs
  5 orcs
  7 ball pythons
  3 bats
  6 endoplasms
  3 giant cockroaches
  13 goblins
  6 hobgoblins
  5 jackals (D:1)
  11 kobolds
  3 quokkas
  4 frilled lizards
  5 rats
104 creatures vanquished.

Vanquished Creatures (others)
  185 foxfires
185 creatures vanquished.

Grand Total: 289 creatures vanquished

Notes
Turn   | Place    | Note
-------+----------+-------------------------------------------
     0 | D:1      | croobank the Octopode Fire Elementalist began the quest for
                  | the Orb.
     0 | D:1      | Reached XP level 1. HP: 11/11 MP: 3/3
   150 | D:1      | Reached XP level 2. HP: 17/17 MP: 1/5
   152 | D:1      | Reached skill level 3 in Stealth
   327 | D:1      | Learned a level 2 spell: Scorch
   423 | D:1      | Reached XP level 3. HP: 21/21 MP: 4/6
  1333 | D:2      | Reached XP level 4. HP: 27/27 MP: 4/7
  1338 | D:2      | Learned a level 4 spell: Flame Wave
  1377 | D:2      | Found a faded altar of an unknown god.
  2275 | D:3      | Found an opulent altar of Gozag.
  2568 | D:3      | Reached XP level 5. HP: 31/31 MP: 7/9
  2571 | D:3      | Reached skill level 4 in Stealth
  3275 | D:4      | Noticed an ice beast
  3284 | D:4      | Killed an ice beast
  3285 | D:4      | Reached XP level 6. HP: 36/36 MP: 1/10
  3427 | D:4      | Learned a level 2 spell: Ensorcelled Hibernation
  3510 | D:4      | Noticed a black bear
  3520 | D:4      | Killed a black bear
  3703 | D:4      | Noticed an ice beast
  3714 | D:4      | Killed an ice beast
  3715 | D:4      | Reached skill level 5 in Stealth
  3715 | D:4      | Reached XP level 7. HP: 12/41 MP: 1/12
  4456 | D:5      | Entered Level 5 of the Dungeon
  4947 | D:5      | Learned a level 3 spell: Mephitic Cloud
  5016 | D:5      | Reached skill level 6 in Stealth
  5018 | D:5      | Reached skill level 1 in Poison Magic
  5018 | D:5      | Reached XP level 8. HP: 14/46 MP: 1/14
  5365 | D:5      | HP: 1/46 [ice beast (3)]
  5365 | D:5      | Mangled by an ice beast

Illustrated notes

Levels and vault maps discovered:
D:1:      co_arrival_square_in_a_square_in_a_square, layout_rooms,
          minmay_misc_feat_doors, nrook_campfire, minmay_misc_feat_encased,
          columned_hall_lemuel, minmay_tall_x
D:2:      layout_basic, dreamdust_ecumenical_altar_hidden_monk_grotto,
          minmay_goblin_kobold_house
D:3:      layout_basic, grunt_gozag_statues
D:4:      layout_loops_cross
D:5:      layout_cave_pools

Skill      XL: |  1  2  3  4  5  6  7  8 |
---------------+-------------------------+-----
Stealth        | 3 4 5 6 |  6.3
Conjurations   | 2 3 4 |  4.0
Dodging        | 3 4 |  4.3
Spellcasting   | 3 4 |  4.1
Fire Magic     | 4 |  4.9
Poison Magic   | 1 |  1.4

Action                   |  1- 3 |  4- 6 |  7- 9 || total
-------------------------+-------+-------+-------++-------
Melee: Unarmed           |     2 |       |       ||     2
       Constrict         |     4 |     3 |     3 ||    10
       Tentacles         |     2 |     3 |     1 ||     6
       Spear             |    18 |       |       ||    18
       Whip              |     5 |    15 |    14 ||    34
 Cast: Foxfire           |    42 |    43 |    30 ||   115
       Scorch            |       |    14 |    36 ||    50
       Ensorcelled Hiber |       |     2 |       ||     2
  Use: Scroll            |       |     2 |     1 ||     3
 Stab: Sleeping          |       |     3 |       ||     3
Armor: Skin              |     1 |     1 |       ||     2
Dodge: Dodged            |    19 |     7 |    11 ||    37

Table legend: (Time is in decaauts)
 A = Elapsed time spent in this place.
 B = Non-inter-level travel time spent in this place.
 C = Inter-level travel time spent in this place.
 D = Time resting spent in this place.
 E = Time spent auto-exploring this place.
 F = Levels seen in this place.
 G = Mean time per level.
                   A        B        C        D        E       F      G
               +--------+--------+--------+--------+--------+-----+--------+
         Total |   5367 |   5188 |    179 |    786 |   3572 |   5 | 1073.4 |
       Dungeon |   5367 |   5188 |    179 |    786 |   3572 |   5 | 1073.4 |
               +--------+--------+--------+--------+--------+-----+--------+

Top non-repeatable levels by time:
     D:4: 1320 daAuts
     D:1: 1203 daAuts
     D:2: 1001 daAuts
     D:3: 932 daAuts
     D:5: 909 daAuts
